 Dungeon Crawl Stone Soup version 0.27.0-66-gdc8fb28755 (webtiles) character file.

Game seed: 18086150637870140850

9060 Snarg the Nimble (level 11, -14/79 HPs)
             Began as a Djinni Warper on Aug 18, 2021.
             Was a High Priest of Okawaru.
             Killed from afar by a gargoyle (31 damage)
             ... with a stone arrow
             ... on level 12 of the Dungeon on Aug 21, 2021.
             The game lasted 01:36:47 (18424 turns).

Snarg the Nimble (Djinni Warper)                   Turns: 18424, Time: 01:36:48

Health: -14/79     AC: 12    Str: 12    XL:     11   Next: 67%
Gold:   656        EV: 30    Int: 16    God:    Okawaru [*****.] SH:  0 Dex: 13

rFire    + + .     SeeInvis +   b - +0 short sword (vorpal)
rCold    x . .     Faith    .   (no shield)
rNeg     + . .     Spirit   .   p - +3 leather armour of Focus {rElec rPois rN+}
rPois    ∞         Reflect  .   (no helmet)
rElec    +         Harm     .   w - +1 cloak
rCorr    .         Rampage  .   (no gloves)
Will     +....                  (boots unavailable)
Stlth    ++........             h - amulet of the acrobat
HPRegen  0.23/turn              C - +4 ring of protection
MPRegen  0.00/turn              y - ring of see invisible

@: acrobatic, flying
A: sickness immunity, fire resistance 2, cold vulnerability 1, float, innate
caster, hp casting, extra vitality 1
a: Renounce Religion, Heroism, Finesse


You were on level 12 of the Dungeon.
You worshipped Okawaru.
Okawaru was extremely pleased with you.
You visited 2 branches of the dungeon, and saw 13 of its levels.
You visited the Abyss 1 time.

You collected 656 gold pieces.

Inventory:

Hand Weapons
 a - a +2 dagger of venom
 b - a +0 vorpal short sword (weapon)
 q - a +0 vampiric dagger
 D - a +3 spear of flaming
 E - a +2 scimitar of freezing
 N - a +3 long sword
Missiles
 f - 385 stones
 l - 5 atropa-tipped darts
 n - 23 javelins
 u - 3 boomerangs
 x - 33 poisoned darts (quivered)
 M - 2 curare-tipped darts
Armour
 e - a +0 leather armour
 p - the +3 leather armour of Focus (worn) {rElec rPois rN+}
   (You found it on level 5 of the Dungeon)

   rElec:     It insulates you from electricity.
   rPois:     It protects you from poison.
   rN:        It protects you from negative energy.
 w - a +1 cloak (worn)
 A - a +0 ring mail of fire resistance
 F - the +4 ring mail of Wonderful Birdsong {Harm rF+}
   (You found it on level 5 of the Dungeon)

   rF:        It protects you from fire.
   Harm:      It increases damage dealt and taken.
 H - a +0 kite shield
 K - the +1 ring mail "Cudghinerph" {Fly rPois Dex+10 Stlth-}
   (You found it on level 9 of the Dungeon)

   Dex:       It affects your dexterity (+10).
   rPois:     It protects you from poison.
   Fly:       It grants you flight.
   Stlth:     It makes you less stealthy.
Jewellery
 d - a ring of fire
 g - the ring of Ycadebb {Will+ Str+6}
   (You acquired it on level 5 of the Dungeon)

   [ring of strength]

   Str:       It affects your strength (+6).
   Will:      It increases your willpower.
 h - an amulet of the acrobat (around neck)
 y - a ring of see invisible (right hand)
 C - a +4 ring of protection (left hand)
 I - a ring of willpower
 R - a ring of protection from fire
Wands
 m - a wand of mindburst (8)
 s - a wand of acid (3)
 B - a wand of flame (24)
 G - a wand of paralysis (6)
 L - a wand of iceblast (8)
Scrolls
 c - 3 scrolls of blinking
 j - 4 scrolls of identify
 k - 5 scrolls of teleportation
 r - a scroll of enchant armour
 t - a scroll of immolation
Potions
 i - 3 potions of haste
 v - 3 potions of ambrosia
 z - a potion of invisibility
 J - a potion of curing
 Q - a potion of mutation
Miscellaneous
 O - a phial of floods


   Skills:
 - Level 7.0 Fighting
 + Level 7.4 Short Blades
 - Level 4.0 Throwing
 - Level 4.0 Armour
 + Level 8.3 Dodging
 + Level 3.9 Stealth
 + Level 6.3 Spellcasting
 - Level 5.0 Invocations
 + Level 1.4 Evocations


You couldn't memorise any spells.
You knew the following spells:

 Your Spells              Type           Power      Damage    Failure   Level
a - Blink                 Tloc           N/A        N/A       1%          2
b - Lesser Beckoning      Tloc           12%        N/A       3%          3
c - Gell's Gravitas       Tloc           12%        N/A       3%          3
d - Teleport Other        Tloc           25%        N/A       3%          3
e - Manifold Assault      Tloc           25%        N/A       34%         5
f - Sting                 Tmut/Pois      100%       1d8       1%          1
g - Static Discharge      Conj/Air       25%        N/A       1%          2
h - Swiftness             Air            25%        N/A       3%          3
i - Cause Fear            Hex            12%        N/A       13%         4
j - Olgreb's Toxic Radia  Pois           25%        N/A       13%         4
Your spell library was empty.

Dungeon Overview and Level Annotations

Branches:
Dungeon (13/15)            Temple (1/1) D:5            Lair (0/6) D:10
    Orc: D:9-12      Vaults: D:13-14

Altars:
Ashenzari
Cheibriados
Dithmenos
Elyvilon
Fedhas
Gozag
Hepliaklqana
Kikubaaqudgha
Makhleb
Okawaru
Qazlal
Ru
Sif Muna
Trog
Uskayaw
Vehumet
Wu Jian
Xom
Yredelemnul
Zin
The Shining One

Annotations:
D:1 clr
D:2 clr
D:3 clr
D:4 clr
D:5 clr
D:6 clr
D:7 clt
D:8 clr
D:9 clt


Innate Abilities, Weirdness & Mutations

You are immune to sickness and miasma.
You are immune to poison.
Your flesh is very heat resistant. (rF++)
You are vulnerable to cold. (rC-)
You float through the air rather than walking.
You learn spells naturally, not from books.
Your magical power is your life essence.
You have superior vitality. (+4 HP)


Message History

You hit the gargoyle but do no damage.
The gargoyle is moderately damaged.
The gargoyle hurls a stone arrow at you.
The stone arrow misses you.
You hit the gargoyle.
The gargoyle is moderately damaged.
The gargoyle hits you with a +0 mace!
The gargoyle hurls a stone arrow at you.
The stone arrow hits you!
* * * LOW HITPOINT WARNING * * *
The gargoyle hurls a stone arrow at you.
The stone arrow misses you.
Casting: Static Discharge (safe; 1% risk of failure)
Confirm with . or Enter, or press ? or * to list all spells.
Aiming: Teleport Other (dangerous; 3% risk of failure)
Press: ? - help, Shift-Dir - straight line, f/p - gargoyle
Aim: a gargoyle, wielding a +0 mace (moderately damaged, chance to affect: 48%)
The gargoyle resists with some effort.
* * * LOW HITPOINT WARNING * * *
The gargoyle hurls a stone arrow at you.
The stone arrow misses you.
As you read the scroll labelled TEGEGU WEFRIEH, it crumbles to dust.
It is a scroll of amnesia.
You feel forgetful for a moment.
Okay, then.
Unknown command.
Okay, then.
Unknown command.
Unknown command.
Press: ? - help, v - describe, . - travel The floor.
Unknown command.
Unknown command.
As you read the scroll of identify, it crumbles to dust.
Q - a potion of mutation The gargoyle hurls a stone arrow at you.
The stone arrow misses you.
The gargoyle hurls a stone arrow at you.
The stone arrow hits you!!
You die...

#.(.# #..)# ###########
#...#######.........#########
+...(.9.............'........
#...#####...........##...####
###.. #.9.........##.#.# #
#... #...........##.#.####
#.... ###.........##.#.....
#(.... #.@.......##.######
......# ####.#######.#
#.....# #.# #.# #.# .. #.#
#.# #.# #.# #.#


You could see a gargoyle.

Vanquished Creatures
  A catoblepas (D:8)
  Pikel (D:8)
  Prince Ribbit (D:9)
  2 wyverns
  Eustachio (D:6)
  The ghost of Loskel the Shield-Bearer, an amateur MiFi of Sif Muna (D:4)
  A steam dragon (D:8)
  3 wargs (D:10)
  Duvessa (D:4)
  8 orc warriors
  2 sky beasts (D:8)
  3 black bears
  3 hornet zombies
  6 ogres
  3 necrophages
  4 centaurs
  A lemure (D:7)
  A phantom (D:8)
  5 kobold brigands
  Blork the orc (D:5)
  2 gnoll sergeants
  A scorpion (D:5)
  A bullfrog (D:7)
  2 wyvern zombies (D:7)
  A water moccasin zombie (D:5)
  A water moccasin skeleton (D:4)
  Dowan (D:4)
  4 killer bees (D:9)
  11 wights
  8 howler monkeys
  6 centaur zombies
  A quasit (D:4)
  3 centaur skeletons
  3 hounds
  9 orc priests
  4 gnoll shamans
  3 bullfrog skeletons
  2 iguanas
  Ijyb (D:4)
  9 orc wizards
  A killer bee zombie (D:4)
  2 howler monkey zombies
  23 gnolls
  2 adders (D:6)
  An ufetubus (D:5)
  An adder skeleton (D:4)
  5 dart slugs
  A worm (D:2)
  35 orcs
  6 ball pythons
  2 bats (D:2)
  7 endoplasms
  3 giant cockroaches
  9 goblins
  3 hobgoblins (D:1)
  5 jackals
  16 kobolds
  A quokka (D:2)
  5 frilled lizards
  5 rats
255 creatures vanquished.

Vanquished Creatures (others)
  11 demonic plants (D:10)
  6 fungi (D:8)
  19 plants
  A withered plant (D:7)
37 creatures vanquished.

Grand Total: 292 creatures vanquished

Notes
Turn   | Place    | Note
-------+----------+-------------------------------------------
     0 | D:1      | Snarg the Djinni Warper began the quest for the Orb.
     0 | D:1      | Reached XP level 1. HP: 18/18 MP: 0/0
   260 | D:1      | Reached XP level 2. HP: 9/23 MP: 0/0
  1163 | D:1      | Found a faded altar of an unknown god.
  1173 | D:1      | Became a worshipper of Warmaster Okawaru
  1173 | D:1      | Reached * piety under Okawaru
  1270 | D:2      | Reached XP level 3. HP: 27/28 MP: 0/0
  1270 | D:2      | Learned a level 1 spell: Sting
  1303 | D:2      | Reached skill level 1 in Throwing
  2281 | D:2      | Reached XP level 4. HP: 30/33 MP: 0/0
  3046 | D:3      | Reached XP level 5. HP: 26/38 MP: 0/0
  3046 | D:3      | Learned a level 2 spell: Static Discharge
  3828 | D:4      | Noticed Ijyb
  3847 | D:4      | Killed Ijyb
  3847 | D:4      | Reached ** piety under Okawaru
  4157 | D:4      | Found a transporter.
  4171 | D:4      | Noticed Dowan
  4179 | D:4      | Noticed Duvessa
  4285 | D:4      | Found a white marble altar of Elyvilon.
  4345 | D:4      | Upgraded the game from 0.27.0-1-g7a089689b8 to
                  | 0.27.0-66-gdc8fb28755
  4469 | D:4      | Killed Dowan
  4470 | D:4      | Reached XP level 6. HP: 32/43 MP: 0/0
  4572 | D:4      | Found a transporter.
  4572 | D:4      | Noticed Loskel's ghost (amateur MiFi)
  4781 | D:4      | Found a blossoming altar of Fedhas.
  4795 | D:4      | Noticed an ogre
  4812 | D:4      | Killed an ogre
  4813 | D:4      | Reached skill level 1 in Stealth
  4813 | D:4      | Reached XP level 7. HP: 23/49 MP: 0/0
  4813 | D:4      | Learned a level 3 spell: Swiftness
  5068 | D:4      | Reached skill level 3 in Dodging
  5230 | D:4      | Killed Duvessa
  5587 | D:4      | Reached XP level 8. HP: 49/55 MP: 0/0
  6036 | D:5      | Entered Level 5 of the Dungeon
  6334 | D:5      | Cast into level 1 of the Abyss (gnoll)
  6374 | Abyss:1  | Found a corrupted altar of Lugonu.
  6402 | Abyss:1  | Noticed a starcursed mass
  6408 | Abyss:1  | Noticed a wraith
  6420 | Abyss:1  | Noticed a wretched star
  6635 | Abyss:1  | Noticed an apocalypse crab
  6638 | Abyss:1  | Noticed a profane servitor
  6641 | Abyss:1  | Noticed a tentacled starspawn
  6641 | Abyss:1  | Noticed a starcursed mass
  6644 | D:5      | Escaped the Abyss
  6787 | D:5      | Found a staircase to the Ecumenical Temple.
  6793 | Temple   | Entered the Ecumenical Temple
  6969 | D:5      | Identified the +3 leather armour of Focus {rElec rPois rN+}
  7158 | D:5      | Reached *** piety under Okawaru
  7784 | D:5      | Paralysed by a gnoll for 3 turns
  7811 | D:5      | Paralysed by a gnoll for 2 turns
  7935 | D:5      | Identified the +4 ring mail of Wonderful Birdsong {Harm
                  | rF+}
  8590 | D:5      | Reached skill level 5 in Short Blades
  8590 | D:5      | Reached skill level 5 in Spellcasting
  8788 | D:5      | Reached skill level 1 in Invocations
  8788 | D:5      | Reached XP level 9. HP: 58/60 MP: 0/0
  8788 | D:5      | Learned a level 4 spell: Cause Fear
  8876 | D:6      | Noticed Blork the orc
  8882 | D:6      | Noticed Eustachio
  8903 | D:5      | Killed Blork the orc
  8904 | D:5      | Reached skill level 4 in Dodging
  9891 | D:5      | Identified a scroll of acquirement
  9891 | D:5      | Acquired the ring of Ycadebb {Will+ Str+6}
 10344 | D:6      | Found a blossoming altar of Fedhas.
 10380 | D:6      | Reached **** piety under Okawaru
 10715 | D:6      | Reached skill level 5 in Dodging
 10768 | D:6      | Reached skill level 5 in Fighting
 10952 | D:6      | Killed Eustachio
 11251 | D:6      | Reached skill level 1 in Evocations
 11303 | D:6      | Found a bloodstained altar of Trog.
 11687 | D:7      | Reached skill level 6 in Dodging
 11687 | D:7      | Reached XP level 10. HP: 59/70 MP: 0/0
 12523 | D:7      | Found a stormy altar of Qazlal.
 12532 | D:7      | Found a basalt altar of Yredelemnul.
 12962 | D:7      | Reached ***** piety under Okawaru
 12964 | D:7      | Found an opulent altar of Gozag.
 13163 | D:4      | Killed Loskel's ghost
 13168 | D:4      | Reached skill level 7 in Dodging
 13812 | D:8      | Received a gift from Okawaru
 14310 | D:8      | Found an iron altar of Okawaru.
 14393 | D:8      | Noticed Pikel
 14977 | D:8      | Found a shadowy altar of Dithmenos.
 15088 | D:8      | Killed Pikel
 15089 | D:8      | Reached XP level 11. HP: 59/79 MP: 0/0
 15089 | D:8      | Learned a level 4 spell: Olgreb's Toxic Radiance
 15652 | D:8      | Noticed a catoblepas
 15689 | D:8      | Killed a catoblepas
 15928 | D:8      | Found an ornate altar of the Wu Jian Council.
 16410 | D:9      | Noticed Prince Ribbit
 16424 | D:9      | Killed Prince Ribbit
 16462 | D:9      | Found a sacrificial altar of Ru.
 16689 | D:9      | Identified the +1 ring mail "Cudghinerph" {Fly rPois Dex+10
                  | Stlth-}
 16917 | D:9      | Reached skill level 5 in Invocations
 17262 | D:9      | Reached skill level 8 in Dodging
 17686 | D:10     | Entered Level 10 of the Dungeon
 17900 | D:10     | Found a staircase to the Lair.
 18292 | D:10     | Received a gift from Okawaru
 18320 | D:10     | You are sucked into a shaft and drop 3 floors!
 18424 | D:12     | Killed from afar by a gargoyle

Illustrated notes

Levels and vault maps discovered:
D:1:      dpeg_arrival_orchard, layout_basic, shapermc_ecumenical_altar_venn
D:2:      layout_basic, st_stairs_6
D:3:      layout_basic
D:4:      layout_basic, overflow_temple_1_default, gammafunk_ghost_mausoleum,
          minmay_ruined_shrine, uniq_duvessa, uniq_ijyb
D:5:      black_bear_nest_1, layout_loops_cross, minmay_temple_entry_statues,
          ebering_dispersal_statue_hall, hangedman_glass_teeth
D:6:      layout_gridville, nzn_overflow_gifts_of_might_and_magic,
          general_overflow_altar, sword_in_stone
D:7:      layout_basic, marbit_many_paths, minitemple, serial_undead,
          serial_undead_c, serial_undead_f, serial_undead_a, serial_undead_c
D:8:      kennysheep_seaside_town, layout_cave_pods, okawaru_gym_becter,
          grunt_dithmenos_shadows, kennysheep_mini, grunt_ministairs_3,
          minmay_misc_feat_four_crosses, kennysheep_generic_room_4, uniq_pikel
D:9:      layout_roguey, nicolae_ru_path_of_blood, uniq_prince_ribbit1
D:10:     kennysheep_kobold_lugonu_temple, layout_basic,
          nemelex_spade_bored_becter, erik_lair_orcish_takeover,
          kennysheep_orc_monster_closet_entryway
D:12:     layout_basic, minivault_21
D:13:     minmay_two_paths, layout_long_grid, skrybe_vaults_entry_preservation,
          serial_shops, shop, uniq_jorgrun
Temple:   kb_temple_of_zot

Skill      XL: |  1  2  3  4  5  6  7  8  9 10 11 |
---------------+----------------------------------+-----
Short Blades   | 2 3 5 6 7 |  7.4
Throwing       | 1 2 4 |  4.0
Spellcasting   | 3 4 5 6 |  6.3
Armour         | 2 3 4 |  4.0
Stealth        | 1 3 |  3.9
Dodging        | 3 6 7 8 |  8.3
Fighting       | 3 5 7 |  7.0
Invocations    | 1 3 4 5 |  5.0
Evocations     | 1 |  1.4

Action                   |  1- 3 |  4- 6 |  7- 9 | 10-12 || total
-------------------------+-------+-------+-------+-------++-------
Melee: Short sword       |   126 |       |   248 |   321 ||   695
       Dagger            |    10 |    84 |   210 |   306 ||   610
       Punch             |       |     1 |       |     3 ||     4
       Long sword        |       |       |       |     9 ||     9
Throw: Stone             |    21 |    41 |     2 |       ||    64
       Javelin           |       |     4 |       |     2 ||     6
       Dart              |       |    12 |   126 |    49 ||   187
       Boomerang         |       |     2 |    19 |    88 ||   109
 Cast: Sting             |     7 |    20 |    19 |    23 ||    69
       Static Discharge  |       |     1 |       |    19 ||    20
       Teleport Other    |       |       |     2 |     3 ||     5
       Swiftness         |       |       |     2 |       ||     2
       Cause Fear        |       |       |       |     1 ||     1
       Gell's Gravitas   |       |       |       |     1 ||     1
       Olgreb's Toxic Ra |       |       |       |     7 ||     7
       Blink             |       |       |       |     1 ||     1
Invok: Heroism           |       |     2 |     4 |     6 ||    12
Evoke: Wand              |       |     3 |     4 |     5 ||    12
  Use: Scroll            |       |       |    11 |     8 ||    19
       Potion            |       |       |       |     1 ||     1
 Stab: Sleeping          |       |       |     1 |     1 ||     2
       Invisible         |       |       |     1 |     5 ||     6
       Distracted        |       |       |       |     1 ||     1
Armor: Leather armour    |    31 |    11 |   213 |   186 ||   441
Dodge: Dodged            |    77 |    46 |   376 |   403 ||   902
